 Dungeon Crawl Stone Soup version 0.20.1-1-g8b1a95d (webtiles) character file.

792 Irenicus the Carver (level 7, -5/61 HPs)
             Began as a Gargoyle Chaos Knight on Oct 21, 2017.
             Slain by an orc warrior
             ... wielding a +0 glaive
              (12 damage)
             ... on level 6 of the Dungeon.
             The game lasted 00:09:00 (3581 turns).

Irenicus the Carver (Gargoyle Chaos Knight)         Turns: 3581, Time: 00:09:01

Health: -5/61      AC: 23    Str: 16    XL:     7   Next: 88%
Magic:  0/7        EV:  2    Int: 17    God:    Xom [..*...]
Gold:   294        SH:  0    Dex: 14    Spells: 6/6 levels left

rFire    . . .     SeeInvis .   a - +0 falchion (chaos)
rCold    + . .     Gourm    .   (no shield)
rNeg     + + +     Faith    .   (armour currently unavailable)
rPois    ∞         Spirit   +   (helmet currently unavailable)
rElec    .         Reflect  .   (cloak currently unavailable)
rCorr    .         Harm     .   (gloves currently unavailable)
MR       .....     NoTele   +   (boots currently unavailable)
Stlth    +.........             A - amulet of guardian spirit
Regen    0.2/turn               q - ring of protection from cold
MPRegen  0.1/turn               p - +3 ring of dexterity

@: brilliant, tree-form
A: negative energy resistance 1, petrification resistance, rot immunity, AC +4
a: Renounce Religion


You were on level 6 of the Dungeon.
You worshipped Xom.
You were a toy of Xom.
You were not hungry.
You were a tree.
You visited 1 branch of the dungeon, and saw 6 of its levels.

You collected 294 gold pieces.

Inventory:

Hand Weapons
 a - a +0 falchion of chaos (weapon)
Missiles
 F - a throwing net (quivered)
Armour
 b - a +2 leather armour (melded)
 k - a +0 pair of boots (melded)
 s - a +0 cloak (melded)
Jewellery
 h - an uncursed ring of protection from magic
 p - a +3 ring of dexterity (right branch)
 q - a ring of protection from cold (left branch)
 w - an uncursed ring of ice
 A - an amulet of guardian spirit (around neck)
 C - a +3 ring of strength
Scrolls
 d - a scroll of recharging {unknown}
 i - 2 scrolls of blinking {unknown}
 j - 5 scrolls of remove curse
 m - 3 scrolls of identify {unknown}
 t - 4 scrolls of immolation {unknown}
 v - a scroll of enchant weapon {unknown}
 x - 2 scrolls of teleportation {unknown}
 y - a scroll of enchant armour {unknown}
 B - a scroll of fear {unknown}
 E - a scroll of silence {unknown}
 H - a scroll of amnesia {unknown}
Potions
 g - 2 potions of curing
 l - a potion of brilliance
 n - 3 potions of heal wounds {unknown}
 o - 2 potions of degeneration {unknown}
 u - 2 potions of haste {unknown}
 D - a potion of berserk rage {unknown}
Books
 G - a book of Unlife

   Spells                             Type                      Level
   a - Recall                         Summoning/Translocation      3
   b - Animate Dead                   Necromancy                   4
   c - Control Undead                 Necromancy                   4
   d - Cigotuvi's Embrace             Necromancy                   5
   e - Death Channel                  Necromancy                   6
   f - Simulacrum                     Ice/Necromancy               6
Comestibles
 c - 3 bread rations
 f - 4 meat rations
 r - 3 royal jellies
 z - 2 fruits


   Skills:
 - Level 3.2 Fighting
 + Level 8.3 Long Blades
 - Level 2.1 Armour
 - Level 0.7 Dodging


You had 6 spell levels left.
You didn't know any spells.

Dungeon Overview and Level Annotations

Branches:
Dungeon (6/15)             Temple (0/1) D:5

Altars:
Dithmenos
Fedhas
Nemelex Xobeh
Okawaru
Yredelemnul


Innate Abilities, Weirdness & Mutations

You are resistant to torment.
((Your stone body is resilient. (AC +4)))
You are immune to poison.
You resist negative energy. (rN+)
((You are resistant to electric shocks. (rElec)))
((You can survive without breathing.))
You are immune to petrification.
You are immune to rotting.


Message History

It was a potion of lignification.
You turn into a tree.
Your +0 cloak melds into your body.
Your +0 pair of boots melds into your body.
Your +2 leather armour melds into your body.
Your roots penetrate the ground.
Xom is highly amused!
You hit the orc warrior. You burn the orc warrior.
The orc warrior is moderately wounded.
The orc warrior hits you but does no damage.
You hit the orc warrior but do no damage.
The orc warrior is moderately wounded.
The orc warrior hits you with a glaive!
* * * LOW HITPOINT WARNING * * *
It was a potion of curing.
You feel better.
It was a potion of brilliance.
You feel clever all of a sudden.
Xom thinks this is hilarious!
The orc warrior hits you with a glaive!
You die...
Xom giggles madly!

#...............
#...............
###...............
#.##..............
#..##.....#....<##
#...#####.#######
#.#...#...#
#.###...###
#♣##..#....#
#o##.#####..#
#o##.# .# #o##.#
.. .o.#.# .#
#..... . #.#...
.....# ..##


You could see an orc warrior and 3 orcs.

Vanquished Creatures
  Sigmund (D:2)
  Blork the orc (D:4)
  A centaur zombie (D:5)
  2 hounds (D:5)
  2 orc wizards
  Jessica (D:2)
  Terence (D:2)
  An iguana (D:5)
  4 worker ants
  A hound zombie (D:5)
  A hound skeleton (D:5)
  6 gnolls (D:4)
  7 adders
  An ooze (D:2)
  An adder zombie (D:6)
  An adder skeleton (D:4)
  2 worms (D:2)
  A dart slug (D:1)
  A leopard gecko (D:1)
  12 orcs
  8 bats
  3 giant cockroaches
  6 hobgoblins
  9 jackals
  7 kobolds
  3 quokkas
  10 frilled lizards
  5 goblins
  A quokka skeleton (D:4)
  5 rats
105 creatures vanquished.

Vanquished Creatures (others)
  A jackal (D:1)
1 creature vanquished.

Grand Total: 106 creatures vanquished

Notes
Turn   | Place    | Note
-------+----------+-------------------------------------------
     0 | D:1      | Irenicus the Gargoyle Chaos Knight began the quest for the Orb.
     0 | D:1      | Reached XP level 1. HP: 14/14 MP: 1/1
    59 | D:1      | XOM: harmless Tloc miscast
   110 | D:1      | XOM: divination: magic mapping
   142 | D:1      | Reached skill level 3 in Long Blades
   143 | D:1      | Reached XP level 2. HP: 17/19 MP: 2/2
   782 | D:2      | Reached XP level 3. HP: 23/23 MP: 3/3
   785 | D:2      | XOM: potion effect (brilliance)
   822 | D:2      | Noticed Terence
   927 | D:2      | Noticed Jessica
   931 | D:2      | Killed Jessica
   931 | D:2      | Reached skill level 4 in Long Blades
   931 | D:2      | Reached XP level 4. HP: 25/28 MP: 4/4
  1035 | D:2      | XOM: harmless Tmut miscast
  1043 | D:2      | Noticed Sigmund
  1054 | D:2      | XOM: potion effect (heal wounds)
  1054 | D:2      | XOM: butterfly on damage
  1061 | D:2      | Killed Sigmund
  1061 | D:2      | Reached skill level 6 in Long Blades
  1061 | D:2      | Reached XP level 5. HP: 24/32 MP: 5/5
  1061 | D:2      | Reached XP level 6. HP: 28/37 MP: 6/6
  1168 | D:2      | Killed Terence
  1175 | D:2      | XOM: harmless Necr miscast
  1241 | D:2      | XOM: harmless Erth miscast
  1246 | D:2      | Found an iron altar of Okawaru.
  1594 | D:3      | Found a basalt altar of Yredelemnul.
  1752 | D:3      | Found an iron altar of Okawaru.
  1755 | D:3      | Found a shadowy altar of Dithmenos.
  1834 | D:3      | XOM: mild Necr miscast
  1868 | D:3      | Found a sparkling altar of Nemelex Xobeh.
  1990 | D:3      | XOM: harmless Fire miscast
  1998 | D:4      | Found a blossoming altar of Fedhas.
  2222 | D:4      | Reached skill level 7 in Long Blades
  2222 | D:4      | Reached XP level 7. HP: 37/41 MP: 7/7
  2406 | D:4      | XOM: confusion (+ monsters)
  2525 | D:4      | Noticed Blork the orc
  2532 | D:4      | XOM: potion effect (curing)
  2534 | D:4      | Killed Blork the orc
  2686 | D:5      | Entered Level 5 of the Dungeon
  2922 | D:5      | Found a staircase to the Ecumenical Temple.
  3215 | D:5      | Reached skill level 8 in Long Blades
  3570 | D:6      | XOM: harmless Tloc miscast
  3579 | D:6      | HP: 2/61 [orc warrior/glaive (16)]
  3581 | D:6      | Slain by an orc warrior

Skill      XL: |  1  2  3  4  5  6  7 |
---------------+----------------------+-----
Long Blades    | 3 4 6 7 8 |  8.3
Fighting       | |  3.2
Armour         | |  2.1
Dodging        | |  0.7

Action                   |  1- 3 |  4- 6 |  7- 9 || total
-------------------------+-------+-------+-------++-------
Melee: Falchion          |    80 |   184 |   131 ||   395
  Use: Scroll            |       |     1 |       ||     1
       Potion            |       |       |     3 ||     3
 Stab: Paralysed         |     1 |     3 |       ||     4
       Sleeping          |     1 |     1 |       ||     2
       Petrifying        |     1 |       |     1 ||     2
       Confused          |       |     3 |     1 ||     4
  Eat: Chunk             |       |     4 |     5 ||     9
Armor: Leather armour    |    44 |    90 |    71 ||   205
       Skin              |       |       |     1 ||     1
Dodge: Dodged            |    71 |   119 |    35 ||   225
       Rpst.: Falchion   |    20 |    50 |    10 ||    80
